 Dungeon Crawl Stone Soup version 0.30-a0-778-g2ef04afb54 (webtiles) character file.

Game seed: 14109890641283740057

361 sircluck the Covered (level 6, -5/55 HPs)
             Began as a Minotaur Fighter on Feb 16, 2023.
             Slain by a river rat (6 damage)
             ... on level 3 of the Dungeon.
             The game lasted 00:03:33 (1091 turns).

sircluck the Covered (Minotaur Fighter)             Turns: 1091, Time: 00:03:33

Health: -5/55      AC:  7    Str: 22    XL:     6   Next: 38%
Magic:  5/5        EV:  9    Int:  5    God:
Gold:   123        SH:  5    Dex: 10    Spells: 5/5 levels left

rFire   . . .      SeeInvis .    a - +0 long sword
rCold   . . .      Faith    .    c - +0 buckler
rNeg    . . .      Spirit   .    b - +0 scale mail
rPois   .          Reflect  .    (helmet restricted)
rElec   .          Harm     .    (no cloak)
rCorr   .          Rampage  .    (no gloves)
Will    .....                    (no boots) Stlth
                                 (no amulet)
HPRegen 0.29/turn                (no ring)
MPRegen 0.09/turn                (no ring)

@: very slow
A: horns 2, retaliatory headbutt
a: no special abilities


You were on level 3 of the Dungeon.
You visited 1 branch of the dungeon, and saw 3 of its levels.

You collected 123 gold pieces.

Inventory:

Hand Weapons
 a - a +0 long sword (weapon)
Missiles
 e - 26 stones (quivered)
Armour
 b - a +0 scale mail (worn)
 c - a +0 buckler (worn)
Jewellery
 o - an amulet of reflection
Wands
 n - a wand of mindburst (10)
Scrolls
 f - 3 scrolls of identify {unknown}
 g - 2 scrolls of teleportation {unknown}
 h - 2 scrolls of amnesia {unknown}
 k - a scroll of poison {unknown}
 l - a scroll of vulnerability {unknown}
 q - a scroll of silence {unknown}
Potions
 d - a potion of might
 i - a potion of degeneration {unknown}
 j - a potion of attraction {unknown}
 m - a potion of heal wounds {unknown}
 p - a potion of resistance {unknown}


   Skills:
 + Level 4.9 Fighting
 + Level 4.2 Long Blades
 + Level 5.7 Armour
 + Level 1.1 Dodging
 + Level 5.3 Shields
 + Level 0.1 Evocations


You had 5 spell levels left.
You didn't know any spells.
Your spell library was empty.

Dungeon Overview and Level Annotations

Branches:
Dungeon (3/15)

Altars:


Innate Abilities, Weirdness & Mutations

You have a pair of horns on your head.
You reflexively headbutt those who attack you in melee.


Message History

Your unstable footing causes you to fumble your attack.
You feel sick. The adder bites you but does no damage.
The worm completely misses you. The adder bites you but does no damage.
Your unstable footing causes you to fumble your attack.
You feel sick. The adder bites you but does no damage.
The worm bites you but does no damage.
You feel sick. You block the adder's attack. The adder closely misses you.
The adder bites you but does no damage.
Aiming: Mindburst
Press: ? - help, Q - select action, (/) - cycle Shift-Dir - straight line, f - worm
Aim: a worm (chance to affect: 72%)
The worm's mind is blasted!
You blow up the worm!
You feel sick.
You are no longer poisoned.
The adder bites you but does no damage.
Aiming: Mindburst
Press: ? - help, Q - select action, (/) - cycle Shift-Dir - straight line, f - adder
Aim: an adder (chance to affect: 72%)
The adder's mind is blasted!!
You blow up the adder!
Aiming: Mindburst
Press: ? - help, Q - select action, (/) - cycle Shift-Dir - straight line, f - worm
Aim: a worm (chance to affect: 72%)
The worm's mind is blasted.
The river rat bites you but does no damage.
Aiming: Mindburst
Press: ? - help, Q - select action, (/) - cycle Shift-Dir - straight line, f/p - worm
Aim: a worm (moderately wounded, chance to affect: 72%)
The worm's mind is blasted!
You block the river rat's attack.
You slash the worm!
You kill the worm!
The river rat misses you.
Your unstable footing causes you to fumble your attack.
The river rat bites you but does no damage.
You closely miss the river rat. The river rat bites you!
* * * LOW HITPOINT WARNING * * *
The river rat bites you.
You die...

#.####.## #.# #..#
#.# ##.## #.#
#..####### #.#
##.......#### #.#
#########~††..## #.#
#~~~ #~†~...#
#.###~#######~#....#
##..#@r~†~~~~#~~~...#
#...########~#~#~...#
###### #...#
#~~r~~#~~~~..#
.....##
#...#~~~~#~#~#~#~...#
......## #...###
#~#~#~#~...# .......#
#...# ~ #~~~#....#
.......#
#...############ ...#
..)....#
#...).....#########.#
..)#.#>#
#...................#


You could see a river rat.

Vanquished Creatures
  Grinder (D:3)
  An iguana (D:3)
  Ijyb (D:3)
  4 adders (D:3)
  3 river rats (D:3)
  An ufetubus (D:3)
  3 worms (D:3)
  A dart slug (D:3)
  5 orcs (D:3)
  A ball python (D:3)
  3 bats (D:3)
  6 endoplasms
  3 giant cockroaches
  3 goblins
  A hobgoblin (D:1)
  A quokka (D:3)
  4 frilled lizards
  2 kobolds
  4 rats (D:3)
48 creatures vanquished.

Notes
Turn   | Place    | Note
-------+----------+-------------------------------------------
     0 | D:1      | sircluck the Minotaur Fighter began the quest for the Orb.
     0 | D:1      | Reached XP level 1. HP: 19/19 MP: 0/0
   231 | D:1      | Found a faded altar of an unknown god.
   237 | D:1      | Reached XP level 2. HP: 25/27 MP: 1/1
   379 | D:1      | You fall into a shaft and drop 1 floor!
   399 | D:3      | Reached XP level 3. HP: 20/33 MP: 2/2
   475 | D:3      | Noticed Grinder
   484 | D:3      | Paralysed by Grinder for 3 turns
   487 | D:3      | Killed Grinder
   488 | D:3      | Reached skill level 5 in Armour
   488 | D:3      | Reached skill level 5 in Shields
   488 | D:3      | Reached XP level 4. HP: 25/41 MP: 3/3
   488 | D:3      | Reached XP level 5. HP: 29/47 MP: 4/4
   678 | D:3      | Noticed Ijyb
   684 | D:3      | Killed Ijyb
   685 | D:3      | Reached XP level 6. HP: 55/55 MP: 5/5
  1029 | D:3      | Reached skill level 1 in Dodging
  1091 | D:3      | HP: 1/55 [river rat (7)]
  1091 | D:3      | Slain by a river rat

Illustrated notes

Levels and vault maps discovered:
D:1:      heliophobic_arrival_glass_houses, layout_loops_ring,
          hellmonk_ecumenical_altar_crossroads, feat_on_display
D:2:      layout_rooms, uniq_sigmund
D:3:      minmay_general_purpose_star, layout_rooms, lightli_sewer_entry_pipes,
          uniq_grinder, uniq_ijyb

Skill      XL: |  1  2  3  4  5  6 |
---------------+-------------------+-----
Armour         | 4 5 |  5.7
Shields        | 4 5 |  5.3
Fighting       | 4 |  4.9
Long Blades    | 3 4 |  4.2
Dodging        | 1 |  1.1
Evocations     | |  0.1

Action                     |  1- 3 |  4- 6 || total
---------------------------+-------+-------++-------
  Melee: Long sword        |    35 |    97 ||   132
         Headbutt          |     7 |    12 ||    19
  Evoke: Wand              |       |     4 ||     4
 Armour: Scale mail        |    13 |    44 ||    57
  Dodge: Dodged            |    12 |    57 ||    69
  Block: Buckler           |     5 |    27 ||    32

Table legend: (Time is in decaauts)
 A = Elapsed time spent in this place.
 B = Non-inter-level travel time spent in this place.
 C = Inter-level travel time spent in this place.
 D = Time resting spent in this place.
 E = Time spent auto-exploring this place.
 F = Levels seen in this place.
 G = Mean time per level.
                   A        B        C        D        E       F      G
               +--------+--------+--------+--------+--------+-----+--------+
         Total |   1140 |   1067 |     73 |      0 |    703 |   3 |  380.0 |
       Dungeon |   1140 |   1067 |     73 |      0 |    703 |   3 |  380.0 |
               +--------+--------+--------+--------+--------+-----+--------+

Top non-repeatable levels by time:
     D:3: 746 daAuts
     D:1: 385 daAuts
     D:2: 8 daAuts
